 Dungeon Crawl Stone Soup version 0.18-a0-1773-gec4f98e (webtiles) character file.

64 Magnus the Conjurer (level 3, -5/19 HPs)
             Began as a Deep Elf Conjurer on Apr 7, 2016.
             Killed from afar by Gottschkopf's ghost (6 damage)
             ... with a magic dart
             ... on level 3 of the Dungeon on Apr 14, 2016.
             The game lasted 00:07:01 (1539 turns).

Magnus the Conjurer (Deep Elf Conjurer)             Turns: 1539, Time: 00:07:01

Health: -5/19      AC:  2    Str:  5    XL:     3   Next: 91%
Magic:  4/10       EV: 13    Int: 20    God:
Gold:   112        SH:  0    Dex: 15    Spells: 2 memorised, 7 levels left

rFire  . . .     SeeInvis .     (no weapon)
rCold  . . .     Gourm    .     a - +0 robe
rNeg   . . .     Faith    .     (no shield)
rPois  .         Spirit   .     (no helmet)
rElec  .         Dismiss  .     (no cloak)
rCorr  .         Reflect  .     (no gloves)
SustAt .         Harm     .     (no boots)
MR     .....                    (no amulet)
Stlth  ++........               (no ring)
                                (no ring)

@: not resistant to hostile enchantments, unstealthy
A: no striking features
a: no special abilities


You were on level 3 of the Dungeon.
You were not hungry.

You visited 1 branch of the dungeon, and saw 3 of its levels.

You collected 112 gold pieces.

Inventory:

Hand Weapons
 f - a +1 dagger of holy wrath
Armour
 a - a +0 robe (worn)
 t - a cursed -1 helmet
Jewellery
 k - a +3 ring of protection {unknown}
 v - an uncursed ring of resist corrosion {unknown}
Scrolls
 e - 4 scrolls of remove curse {unknown}
 g - 3 scrolls of fog {unknown}
 o - 2 scrolls of teleportation {unknown}
 p - a scroll of blinking {unknown}
 r - 3 scrolls of enchant weapon {unknown}
Potions
 d - a potion of brilliance {unknown}
 i - a potion of degeneration {unknown}
 j - 2 potions of might {unknown}
 l - a potion of agility {unknown}
 n - 2 potions of cure mutation {unknown}
 s - a potion of curing {unknown}
 w - a potion of lignification {unknown}
Books
 b - a book of Conjurations

   Spells                             Type                      Level
   a - Magic Dart                     Conjuration                  1
   b - Searing Ray                    Conjuration                  2
   c - Dazzling Spray                 Conjuration/Hexes            3
   d - Fulminant Prism                Conjuration/Hexes            4
   e - Iskenderun's Mystic Blast      Conjuration                  4
   f - Iskenderun's Battlesphere      Conjuration/Charms           5
Comestibles
 c - 3 bread rations
 h - 2 meat rations
 m - 2 beef jerkies
 q - a royal jelly
 u - 2 chunks of flesh


   Skills:
 - Level 2.4 Dodging
 - Level 2.4 Stealth
 + Level 4.3 Spellcasting
 + Level 5.4 Conjurations


You had 7 spell levels left.
You knew the following spells:

 Your Spells              Type           Power        Failure   Level  Hunger
a - Magic Dart            Conj           ####         1%          1    None
b - Searing Ray           Conj           ####..       1%          2    #......


Dungeon Overview and Level Annotations

Branches:
Dungeon (3/15)

Altars:

Annotations:
D:3 Gottschkopf's ghost, amateur DrCj


Message History

* * * LOW HITPOINT WARNING * * *
Casting: Magic Dart
Confirm with . or Enter, or press ? or * to list all spells.
Aiming: Magic Dart
Press: ? - help, Shift-Dir - straight line, f/p - Gottschkopf's ghost
Aim: Gottschkopf's ghost (moderately damaged)
The magic dart hits Gottschkopf's ghost.
Gottschkopf's ghost is heavily damaged.
An ooze comes into view.
Casting: Magic Dart
Confirm with . or Enter, or press ? or * to list all spells.
Aiming: Magic Dart
Press: ? - help, Shift-Dir - straight line, f/p - Gottschkopf's ghost
Aim: Gottschkopf's ghost (heavily damaged)
The magic dart hits Gottschkopf's ghost.
Gottschkopf's ghost is heavily damaged.
The ooze quivers.
Gottschkopf's ghost casts a spell at you.
The magic dart hits you!
You die...

####### ##### #......
#...# ###
#?.....######...######..
J..W...@................
#......#######)#######..
#...... #.# #.. #......
#.# #.. #...).$ #.# #..
####### #.# #####..
#.###....## #.........#
#.........#


You could see Gottschkopf's ghost and an ooze.

Vanquished Creatures
  2 adders
  3 dart slugs (D:1)
  A giant gecko (D:1)
  A ball python (D:3)
  2 giant cockroaches
  4 goblins
  3 hobgoblins
  6 bats
  3 giant newts (D:1)
  10 kobolds
  8 rats
43 creatures vanquished.

Notes
Turn   | Place    | Note
--------------------------------------------------------------
     0 | D:1      | Magnus the Deep Elf Conjurer began the quest for the Orb.
     0 | D:1      | Reached XP level 1. HP: 10/10 MP: 6/6
   107 | D:1      | Reached XP level 2. HP: 15/15 MP: 0/8
   545 | D:1      | Reached skill level 5 in Conjurations
   612 | D:1      | Reached XP level 3. HP: 19/19 MP: 5/10
   616 | D:1      | Learned a level 2 spell: Searing Ray
   880 | D:2      | Upgraded the game from 0.18-a0-1713-g50a528e to 0.18-a0-1773-gec4f98e
  1534 | D:3      | Noticed Gottschkopf's ghost (amateur DrCj)
  1539 | D:3      | Killed from afar by Gottschkopf's ghost

Vault maps used:
D:1:      dpeg_arrival_simpleton_a, minmay_misc_feat_diagonals
D:2:      serial_bayou, serial_bayou_pond_c, serial_bayou_ford_a,
          serial_bayou_pond_c, serial_bayou_pond_a, serial_bayou_shore_b,
          first_bread

Skill      XL: |  1  2  3 |
---------------+----------+-----
Conjurations   | 5 |  5.4
Spellcasting   | 4 |  4.3
Dodging        | |  2.4
Stealth        | |  2.4

Action                   || total
-------------------------++-------
Melee: Unarmed           ||     1
 Cast: Magic Dart        ||    55
       Magic Dart        ||    29
  Eat: Chunk             ||     2
